[Event "January 2 Early 2024"]
[Site "https://www.chess.com"]
[Date "2024.01.02"]
[Round "2"]
[White "Rogov, Matfey"]
[Black "Finek, Vaclav"]
[Result "0-1"]
[Board "69"]
[TimeControl "180+1"]
[WhiteFideId "44191308"]
[BlackFideId "23718293"]
[WhiteElo "2562"]
[BlackElo "2840"]
[WhiteTeam "RUS"]
[BlackTeam "CZE"]
[WhiteClock "0:00:02"]
[BlackClock "0:00:07"]

1. Nc3 c5 2. e4 Nc6 3. Nf3 g6 4. d4 cxd4 5. Nxd4 Bg7 6. Be3 Nf6 7. Nxc6 bxc6 8. e5 Ng8 9. Bd4 Nh6 10. e6 f6 11. exd7+ Bxd7 12. Bc4 Nf5 13. O-O e6 14. Bc5 Kf7 15. Re1 Re8 16. Qd3 Qc7 17. g4 Ne7 18. Ne4 Nd5 19. Nd6+ Kg8 20. Nxe8 Rxe8 21. Qg3 e5 22. Rad1 Be6 23. Rd3 Qa5 24. b4 Qc7 25. Ra3 Nb6 26. Bxe6+ Rxe6 27. Qb3 Kf7 28. f4 f5 29. fxe5 f4 30. Ra5 Qd7 31. Qd3 Qc7 32. Qa3 Nc8 33. Bd6 Qb6+ 34. Kg2 Nxd6 35. Rxa7+ Nb7 36. Rf1 Bxe5 37. b5 cxb5 38. Qf3 Re7 39. Ra8 Nc5 40. Rd1 Qe6 41. Qh3 Kg7 42. g5 Qxh3+ 43. Kxh3 Ne4 44. Kg4 Nf2+ 45. Kf3 Nxd1 46. h4 Nc3 47. h5 gxh5 48. a4 bxa4 49. Rc8 Kg6 50. Rg8+ Kf5 51. Rc8 Kxg5 52. Kg2 Kg4 53. Rg8+ Rg7 54. Re8 f3+ 55. Kh1 Kf4 56. Rf8+ Kg3 57. Re8 Bd4 58. Re7 Kf2 59. Re6 Rg1+ 60. Kh2 Rg5 61. Kh1 Rg4 62. Re4 Nxe4 63. Kh2 Rh4# 0-1

[Event "January 2 Early 2024"]
[Site "https://www.chess.com"]
[Date "2024.01.02"]
[Round "2"]
[White "Ezat, Mohamed"]
[Black "Grabinsky, Aaron"]
[Result "0-1"]
[Board "70"]
[TimeControl "180+1"]
[WhiteFideId "10600906"]
[BlackFideId "2087090"]
[WhiteElo "2561"]
[BlackElo "2836"]
[WhiteTeam "EGY"]
[BlackTeam "USA"]
[WhiteClock "0:00:00"]
[BlackClock "0:02:31"]

1. d4 e6 2. c4 Bb4+ 3. Bd2 Qe7 4. Nc3 Nf6 5. Rc1 Nc6 6. Nf3 Bxc3 7. Bxc3 Ne4 8. d5 Nxc3 9. Rxc3 Nb8 10. e3 O-O 11. Bd3 d6 12. O-O e5 13. Nd2 a5 14. a3 Na6 15. e4 Bd7 16. Bc2 Nc5 17. b4 axb4 18. axb4 Na6 19. Qb1 c6 20. Re1 c5 21. b5 Nb4 22. Nf1 g6 23. Rg3 Qh4 24. Qc1 Kg7 25. Ne3 Qh6 26. h3 Kh8 27. Qd2 Rg8 28. Qe2 Qh5 29. Bb1 Qxe2 30. Rxe2 Kg7 31. Re1 Rgf8 32. Rf3 f6 33. g4 Ra1 34. Kf1 Rfa8 35. Nc2 Rxb1 36. Rxb1 Nxc2 37. Rc3 Nd4 38. Rcc1 Ra2 39. Ra1 Rb2 40. Ra7 Kf7 41. Rxb7 Ke7 42. Rb8 f5 43. Rh8 Be8 44. Rxh7+ Bf7 45. gxf5 gxf5 46. exf5 Nxf5 47. Ra1 Kf6 48. Ra6 e4 49. Ra7 Bg6 50. Rhd7 e3 51. fxe3 Nxe3+ 52. Ke1 Nxc4 0-1

[Event "January 2 Early 2024"]
[Site "https://www.chess.com"]
[Date "2024.01.02"]
[Round "2"]
[White "Bryakin, Mikhail"]
[Black "Ginzburg, Yakov"]
[Result "1-0"]
[Board "71"]
[TimeControl "180+1"]
[WhiteFideId "4165314"]
[BlackFideId "4157176"]
[WhiteElo "2833"]
[BlackElo "2559"]
[WhiteTeam "SRB"]
[BlackTeam "RUS"]
[WhiteClock "0:01:34"]
[BlackClock "0:00:13"]

1. b3 e5 2. Bb2 Nc6 3. e3 a6 4. c4 Nf6 5. Nf3 e4 6. Nd4 Nxd4 7. Bxd4 Be7 8. Nc3 O-O 9. Rc1 Re8 10. Be2 c5 11. Bxf6 Bxf6 12. Nd5 d6 13. O-O Be6 14. Nxf6+ Qxf6 15. d4 cxd4 16. Qxd4 Qxd4 17. exd4 d5 18. c5 Bd7 19. a4 f5 20. f4 Kf7 21. Kf2 Kf6 22. Ke3 h6 23. h3 Rf8 24. Ra1 g5 25. b4 Rg8 26. g4 gxf4+ 27. Rxf4 h5 28. Raf1 Rg7 29. b5 axb5 30. Bxb5 Bxb5 31. Rxf5+ Ke7 32. axb5 hxg4 33. Rxd5 gxh3 34. Rh5 Rg4 35. d5 Ra3+ 36. Kd4 e3+ 37. Ke5 e2 38. Rh7+ Ke8 39. Rh8+ Ke7 40. d6+ Kd7 41. Rf7# 1-0

[Event "January 2 Early 2024"]
[Site "https://www.chess.com"]
[Date "2024.01.02"]
[Round "2"]
[White "Ahmad, Khagan"]
[Black "Boruchovsky, Avital"]
[Result "0-1"]
[Board "72"]
[TimeControl "180+1"]
[WhiteFideId "13431552"]
[BlackFideId "2800055"]
[WhiteElo "2558"]
[BlackElo "2832"]
[WhiteTeam "AZE"]
[BlackTeam "ISR"]
[WhiteClock "0:00:00"]
[BlackClock "0:00:26"]

1. Nf3 c5 2. c4 Nc6 3. Nc3 g6 4. e3 Bg7 5. d4 d6 6. Be2 Nf6 7. O-O O-O 8. h3 b6 9. b3 Bb7 10. Bb2 cxd4 11. Nxd4 Nxd4 12. Qxd4 Ne4 13. Qd3 Rc8 14. Rab1 Nxc3 15. Bxc3 Bxc3 16. Qxc3 b5 17. Qd4 bxc4 18. bxc4 Rc7 19. Rfc1 Qa8 20. Bf1 Rfc8 21. h4 Rc5 22. Rb3 Ba6 23. Qb2 Qc6 24. Rb8 h5 25. g3 Kh7 26. Rxc8 Qxc8 27. Rb1 Bxc4 28. Bxc4 Rxc4 29. Qb7 Qc7 30. Qf3 Rc1+ 31. Rxc1 Qxc1+ 32. Kh2 Qc4 33. a4 a5 34. Qa8 Qxa4 35. Qb7 Qa2 36. Qxe7 Qxf2+ 37. Kh3 Qf5+ 38. Kh2 d5 39. g4 hxg4 40. e4 Qf2+ 41. Kh1 g3 0-1

[Event "January 2 Early 2024"]
[Site "https://www.chess.com"]
[Date "2024.01.02"]
[Round "2"]
[White "Morgunov, Marc"]
[Black "Moskalenko, Alexander"]
[Result "0-1"]
[Board "73"]
[TimeControl "180+1"]
[WhiteFideId "1640305"]
[BlackFideId "4155351"]
[WhiteElo "2556"]
[BlackElo "2827"]
[WhiteTeam "AUT"]
[BlackTeam "RUS"]
[WhiteClock "0:00:11"]
[BlackClock "0:00:32"]

1. e4 c5 2. Nf3 d6 3. d4 cxd4 4. Nxd4 Nf6 5. Nc3 a6 6. f4 Qc7 7. Be2 Nbd7 8. O-O g6 9. Be3 Bg7 10. Bf3 O-O 11. Qe2 e5 12. Nb3 b5 13. Rfd1 Bb7 14. Qd2 b4 15. Nd5 Nxd5 16. exd5 exf4 17. Bd4 Ne5 18. Qxb4 a5 19. Qb6 Qxb6 20. Bxb6 a4 21. Nd4 Nc4 22. Bc7 Nxb2 23. Bxd6 Nxd1 24. Rxd1 Rfd8 25. Bc7 Rxd5 26. Bxd5 Bxd5 27. a3 Bf8 28. Rd3 Be4 29. Rc3 Rc8 30. Nb5 g5 31. Kf1 f5 32. Na7 Ra8 33. Nb5 Ra6 34. Be5 Rc6 35. Rxc6 Bxc6 36. c4 Kf7 37. Ke2 Bxg2 38. Nd6+ Ke6 0-1

[Event "January 2 Early 2024"]
[Site "https://www.chess.com"]
[Date "2024.01.02"]
[Round "2"]
[White "Gokerkan, Cem Kaan"]
[Black "Sharapov, Evgeny"]
[Result "1-0"]
[Board "74"]
[TimeControl "180+1"]
[WhiteFideId "6336760"]
[BlackFideId "14103133"]
[WhiteElo "2827"]
[BlackElo "2556"]
[WhiteTeam "TUR"]
[BlackTeam "UKR"]
[WhiteClock "0:02:37"]
[BlackClock "0:02:45"]

1. e4 c5 2. c3 Nf6 3. e5 Nd5 4. d4 cxd4 5. Bc4 Nb6 6. Bb3 d5 7. cxd4 Nc6 8. Bc2 g6 9. Nc3 Bg7 10. h4 h5 11. Nge2 O-O 12. Bg5 f6 13. exf6 exf6 14. Be3 Ne7 15. Nf4 Kh8 16. Nxg6+ Nxg6 17. Qxh5+ 1-0

[Event "January 2 Early 2024"]
[Site "https://www.chess.com"]
[Date "2024.01.02"]
[Round "2"]
[White "Ismagilov, Damir"]
[Black "Pakleza, Zbigniew"]
[Result "1/2-1/2"]
[Board "75"]
[TimeControl "180+1"]
[WhiteFideId "34199982"]
[BlackFideId "1119290"]
[WhiteElo "2555"]
[BlackElo "2823"]
[WhiteTeam "RUS"]
[BlackTeam "POL"]
[WhiteClock "0:00:24"]
[BlackClock "0:00:07"]

1. d4 d6 2. Nc3 Nf6 3. e4 c6 4. Nf3 Bg4 5. h3 Bh5 6. a4 e6 7. Be3 d5 8. e5 Nfd7 9. Be2 Be7 10. O-O O-O 11. Qd2 c5 12. Nb5 cxd4 13. Nbxd4 Nc6 14. Nxc6 bxc6 15. Nd4 Bxe2 16. Nxc6 Qe8 17. Qxe2 Bc5 18. c3 a5 19. b4 Bxe3 20. Qxe3 Kh8 21. b5 Qc8 22. c4 dxc4 23. Rac1 Qc7 24. Rxc4 Nb6 25. Rh4 Nd5 26. Qe4 h6 27. g4 f5 28. exf6 Nxf6 29. Qe5 Qxe5 30. Nxe5 Kh7 31. g5 Nd5 32. g6+ Kg8 33. Rc4 Rf5 34. Re4 Nc3 35. Re3 Nxa4 36. Rb1 Nb6 37. Nc6 Kf8 38. Rxe6 a4 39. Kf1 a3 40. Nd4 a2 41. Ra1 Rf6 42. Rxf6+ gxf6 43. Nb3 Nd5 44. Nc1 Nc3 45. b6 Kg7 46. b7 Rb8 47. Nxa2 Nxa2 48. Rxa2 Rxb7 49. Kg2 Kxg6 50. Kg3 Rb5 51. h4 h5 52. f3 Rb4 53. Ra5 Rb3 54. Rc5 Rb1 55. Rd5 Rg1+ 56. Kf2 Rb1 57. Kg3 Rg1+ 58. Kf2 Rb1 59. Kg3 1/2-1/2

[Event "January 2 Early 2024"]
[Site "https://www.chess.com"]
[Date "2024.01.02"]
[Round "2"]
[White "Van Foreest, Lucas"]
[Black "Zubarev, Alexander"]
[Result "1-0"]
[Board "76"]
[TimeControl "180+1"]
[WhiteFideId "1039792"]
[BlackFideId "14104385"]
[WhiteElo "2821"]
[BlackElo "2555"]
[WhiteTeam "NED"]
[BlackTeam "UKR"]
[WhiteClock "0:00:56"]
[BlackClock "0:00:00"]

1. e4 e6 2. Qg4 c5 3. d3 Nc6 4. Nf3 Nge7 5. Be2 d5 6. h4 e5 7. Qg3 f6 8. h5 Be6 9. exd5 Nxd5 10. Nc3 Qd7 11. Be3 O-O-O 12. Nd2 Ndb4 13. Rc1 Nd4 14. Bd1 f5 15. Bg5 Re8 16. Nc4 f4 17. Qh2 h6 18. Bh4 Ndxc2+ 19. Bxc2 Nxc2+ 20. Rxc2 Qxd3 21. Na3 g5 22. hxg6 Rg8 23. Rd2 Qxg6 24. f3 c4 25. Nab5 Bf5 26. O-O a6 27. Na3 Bc5+ 28. Kh1 Be3 29. Nxc4 Bxd2 30. Nxd2 Kb8 31. Nde4 Rg7 32. Re1 Reg8 33. Nf6 Rf8 34. Rxe5 Bc8 35. Nce4 Rd8 36. Rd5 Rxd5 37. Nxd5 Qf5 38. Qxf4+ Qxf4 39. Nxf4 Bf5 40. Nc3 Rd7 41. g4 Bh7 42. Nfd5 Bg8 43. Nf6 Rd8 44. Bg3+ 1-0

[Event "January 2 Early 2024"]
[Site "https://www.chess.com"]
[Date "2024.01.02"]
[Round "2"]
[White "Ismayil, Malak"]
[Black "Klukin, Kirill"]
[Result "0-1"]
[Board "77"]
[TimeControl "180+1"]
[WhiteFideId "13412604"]
[BlackFideId "24199273"]
[WhiteElo "2551"]
[BlackElo "2817"]
[WhiteTeam "AZE"]
[BlackTeam "RUS"]
[WhiteClock "0:00:00"]
[BlackClock "0:00:15"]

1. e4 c5 2. Nf3 g6 3. d4 cxd4 4. Nxd4 Bg7 5. c4 Nc6 6. Be3 Nf6 7. Nc3 O-O 8. Be2 d6 9. O-O Bd7 10. Rc1 Nxd4 11. Bxd4 Bc6 12. f3 a5 13. Nd5 Nd7 14. Bxg7 Kxg7 15. Qd4+ e5 16. Qd2 Nc5 17. Rfd1 Ne6 18. Qe3 Bxd5 19. Rxd5 Qe7 20. Rcd1 Rfd8 21. Qa3 Nd4 22. Bf1 b6 23. f4 Qf6 24. Qe3 Rac8 25. Qg3 Rc5 26. fxe5 dxe5 27. b3 h5 28. Qf2 Rcxd5 29. exd5 Qxf2+ 30. Kxf2 f5 31. g3 Kf6 32. Rd2 Ke7 33. Ke3 Kd6 34. Bg2 g5 35. Kd3 Rh8 36. Kc3 h4 37. a3 hxg3 38. hxg3 Rh2 39. b4 axb4+ 40. axb4 f4 41. gxf4 gxf4 42. Be4 Rh3+ 43. Rd3 Rh2 44. Rd2 Rh8 45. Rg2 Rh3+ 46. Kd2 Nb3+ 47. Kc2 Re3 48. Rg6+ Ke7 49. Bg2 Nd4+ 50. Kd2 e4 51. Rg7+ Kf6 52. Rg8 Re2+ 53. Kd1 f3 54. Bf1 Rf2 55. Rb8 Rxf1+ 56. Kd2 Rb1 57. Ke3 Nf5+ 58. Kxe4 f2 59. Rf8+ Ke7 60. Rxf5 f1=Q 61. Rxf1 Rxf1 62. Kd4 Rf4+ 63. Ke5 Rxc4 64. d6+ Kd7 65. Kd5 Rxb4 0-1

[Event "January 2 Early 2024"]
[Site "https://www.chess.com"]
[Date "2024.01.02"]
[Round "2"]
[White "Hernando Rodrigo, Julio Antonio"]
[Black "Bartel, Mateusz"]
[Result "0-1"]
[Board "78"]
[TimeControl "180+1"]
[WhiteFideId "2208350"]
[BlackFideId "1112635"]
[WhiteElo "2551"]
[BlackElo "2809"]
[WhiteTeam "ESP"]
[BlackTeam "POL"]
[WhiteClock "0:00:03"]
[BlackClock "0:01:25"]

1. e4 e5 2. Nf3 d6 3. d4 exd4 4. Nxd4 Nf6 5. Nc3 Be7 6. Be2 O-O 7. Be3 Nc6 8. O-O Re8 9. f4 Bf8 10. Bf3 Bd7 11. Qd2 Ng4 12. Bxg4 Bxg4 13. Nxc6 bxc6 14. h3 Be6 15. Rad1 f5 16. exf5 Bxf5 17. Rfe1 Bg6 18. Bf2 Qf6 19. Rxe8 Rxe8 20. Bxa7 c5 21. Nd5 Qf7 22. c4 c6 23. f5 Bxf5 24. Rf1 cxd5 0-1

[Event "January 2 Early 2024"]
[Site "https://www.chess.com"]
[Date "2024.01.02"]
[Round "2"]
[White "Gabrielian, Artur"]
[Black "Jeet, Jain"]
[Result "1-0"]
[Board "79"]
[TimeControl "180+1"]
[WhiteFideId "4131002"]
[BlackFideId "5073022"]
[WhiteElo "2808"]
[BlackElo "2550"]
[WhiteTeam "RUS"]
[BlackTeam "IND"]
[WhiteClock "0:00:15"]
[BlackClock "0:00:00"]

1. e4 c6 2. d4 g6 3. Nc3 d5 4. e5 h5 5. h3 Nh6 6. Bd3 Bf5 7. Bxh6 Bxh6 8. Bxf5 gxf5 9. e6 Bg7 10. exf7+ Kxf7 11. Nf3 e6 12. Qe2 Nd7 13. O-O-O Qf6 14. Rde1 Rae8 15. Kb1 h4 16. g4 hxg3 17. fxg3 e5 18. dxe5 Nxe5 19. Nxe5+ Rxe5 20. Qg2 Rhe8 21. Rxe5 Rxe5 22. Rf1 Ke7 23. a3 Kd7 24. g4 f4 25. Qd2 Bh6 26. Qd3 Bg5 27. Ne2 Kc7 28. Nd4 Re3 29. Qh7+ Kb6 30. Nf5 Re2 31. h4 Qe5 32. hxg5 Qe4 33. Rc1 f3 34. Qf7 f2 35. Ng3 Qe6 36. Qxe6 Rxe6 37. Nh1 Re5 38. Nxf2 Rxg5 39. Rg1 Kc5 40. Nh3 Rg7 41. g5 Kd4 42. Nf4 Ke5 43. Nh5 Rg6 44. Nf6 a5 45. a4 b5 46. axb5 cxb5 47. b3 d4 48. Kc1 b4 49. Kd2 Rg7 50. Kd3 Rc7 51. Ng4+ Kf5 52. Nf2 Rc3+ 53. Kd2 Kg6 54. Nd3 1-0

[Event "January 2 Early 2024"]
[Site "https://www.chess.com"]
[Date "2024.01.02"]
[Round "2"]
[White "Sturt, Raven"]
[Black "Toncheva, Nadya"]
[Result "1-0"]
[Board "80"]
[TimeControl "180+1"]
[WhiteFideId "2007304"]
[BlackFideId "2924056"]
[WhiteElo "2806"]
[BlackElo "2550"]
[WhiteTeam "USA"]
[BlackTeam "BUL"]
[WhiteClock "0:02:18"]
[BlackClock "0:01:00"]

1. f4 c5 2. Nf3 Nc6 3. e3 g6 4. Bb5 Bg7 5. O-O e6 6. Bxc6 bxc6 7. d3 Ne7 8. e4 O-O 9. e5 f6 10. Nbd2 fxe5 11. fxe5 Nf5 12. Ne4 Nd4 13. Bg5 Nxf3+ 14. Rxf3 Qb6 15. Rxf8+ Bxf8 16. Qf3 Qxb2 17. Rf1 1-0

[Event "January 2 Early 2024"]
[Site "https://www.chess.com"]
[Date "2024.01.02"]
[Round "2"]
[White "Anuj Shrivatri"]
[Black "Manukyan, Sargis V."]
[Result "0-1"]
[Board "81"]
[TimeControl "180+1"]
[WhiteFideId "35070924"]
[BlackFideId "13303465"]
[WhiteElo "2805"]
[BlackElo "2549"]
[WhiteTeam "IND"]
[BlackTeam "ARM"]
[WhiteClock "0:00:07"]
[BlackClock "0:00:20"]

1. e4 e6 2. d4 d5 3. Nd2 Nc6 4. Ngf3 Nf6 5. e5 Nd7 6. c3 f6 7. Bb5 fxe5 8. dxe5 Be7 9. O-O O-O 10. Re1 Qe8 11. Nb3 Qh5 12. Bd2 Rxf3 13. Bxc6 Rf5 14. Bb5 Qxd1 15. Raxd1 Rxe5 16. Bf4 Rxe1+ 17. Rxe1 c6 18. Rxe6 Kf7 19. Rxc6 bxc6 20. Bxc6 Nb6 21. Na5 Bd7 22. Bxa8 Nxa8 23. Be3 Nb6 24. b3 Bf6 25. c4 dxc4 26. bxc4 Bc3 27. Nb3 Nxc4 28. Bxa7 Be6 29. Nc5 Bd5 30. Nd3 Nb2 31. Nxb2 Bxb2 32. a4 Bc3 33. Bb6 Bc4 34. a5 Ke6 35. h3 Kd5 36. Kh2 Kc6 37. f4 Kb5 38. f5 Bxa5 39. Bd4 Bc7+ 40. g3 Kc6 41. Bxg7 Kd5 42. Kg2 Ke4 43. g4 Bd5 44. Kf2 Bb6+ 45. Kg3 Bc7+ 46. Kh4 Kf4 47. Bh6+ Ke5 48. Kg5 Bd8+ 49. f6 Bxf6+ 0-1

[Event "January 2 Early 2024"]
[Site "https://www.chess.com"]
[Date "2024.01.02"]
[Round "2"]
[White "Parfenov, Viktor N."]
[Black "Molina, Roberto Junio Brito"]
[Result "1/2-1/2"]
[Board "82"]
[TimeControl "180+1"]
[WhiteFideId "4165969"]
[BlackFideId "2109450"]
[WhiteElo "2546"]
[BlackElo "2805"]
[WhiteTeam "RUS"]
[BlackTeam "BRA"]
[WhiteClock "0:00:15"]
[BlackClock "0:00:06"]

1. d4 d5 2. c4 c6 3. Nf3 Nf6 4. Nc3 dxc4 5. e4 b5 6. Be2 b4 7. Na4 Nxe4 8. Bxc4 Nf6 9. Ne5 e6 10. O-O a5 11. Qe2 Ba6 12. Rd1 Bxc4 13. Qxc4 Qd5 14. Qe2 Nbd7 15. Bg5 Qb5 16. Qc2 Nxe5 17. dxe5 Nd5 18. Rac1 h6 19. Bd2 Rc8 20. b3 Be7 21. Qe4 O-O 22. h4 Rfd8 23. h5 c5 24. Nb2 Nb6 25. Be3 Rxd1+ 26. Rxd1 Qc6 27. Qg4 Kf8 28. Nc4 Nxc4 29. Qxc4 a4 30. Rd3 axb3 31. axb3 Ke8 32. Rd1 Rd8 33. Rxd8+ Kxd8 34. Qg4 Bf8 35. Qe2 Kc7 36. Qc4 Qd5 37. Qa6 Qd1+ 38. Kh2 Qxh5+ 39. Kg1 Qd1+ 40. Kh2 Qd5 41. Qa5+ Kb7 42. Qb5+ Kc7 43. Qa5+ Kc8 44. Qb5 Qxe5+ 45. Kg1 Qd5 46. Qe8+ Qd8 47. Qc6+ Qc7 48. Qe8+ Qd8 49. Qc6+ Qc7 50. Qe8+ Qd8 1/2-1/2

[Event "January 2 Early 2024"]
[Site "https://www.chess.com"]
[Date "2024.01.02"]
[Round "2"]
[White "Bologan, Victor"]
[Black "Coro, Lucas"]
[Result "1-0"]
[Board "83"]
[TimeControl "180+1"]
[WhiteFideId "13900048"]
[BlackFideId "147222"]
[WhiteElo "2802"]
[BlackElo "2546"]
[WhiteTeam "MDA"]
[BlackTeam "ARG"]
[WhiteClock "0:00:37"]
[BlackClock "0:00:00"]

1. e4 c5 2. Nf3 d6 3. Bb5+ Bd7 4. Bxd7+ Qxd7 5. c4 g6 6. Nc3 Bg7 7. d4 cxd4 8. Nxd4 Nf6 9. f3 O-O 10. Be3 Rc8 11. b3 e6 12. Rc1 Nc6 13. O-O d5 14. exd5 exd5 15. cxd5 Nxd5 16. Ndb5 Nce7 17. Nxd5 Nxd5 18. Rxc8+ Rxc8 19. Nxa7 Ra8 20. a4 Qe6 21. Bf2 Ne3 22. Qe2 Nxf1 23. Qxe6 fxe6 24. Kxf1 Rd8 25. Ke2 Kf7 26. Nb5 Be5 27. h3 g5 28. b4 Bf4 29. Bd4 e5 30. Bc3 Ke6 31. a5 Rd7 32. Na3 Kd5 33. Kd3 h5 34. Nc4 Kc6+ 35. Ke4 Rd1 36. Nxe5+ Kb5 37. h4 Rc1 38. hxg5 Bxg5 39. Bd4 Rc2 40. g3 Kxb4 41. f4 Be7 42. f5 Kxa5 43. Nd7 Rc6 44. f6 Ba3 45. f7 b5 46. Nc5 Rc8 47. Ne6 1-0

[Event "January 2 Early 2024"]
[Site "https://www.chess.com"]
[Date "2024.01.02"]
[Round "2"]
[White "Jaiveer Mahendru"]
[Black "Holt, Conrad"]
[Result "0-1"]
[Board "84"]
[TimeControl "180+1"]
[WhiteFideId "25611151"]
[BlackFideId "2034387"]
[WhiteElo "2545"]
[BlackElo "2795"]
[WhiteTeam "IND"]
[BlackTeam "USA"]
[WhiteClock "0:00:17"]
[BlackClock "0:01:14"]

1. e4 e6 2. d4 d5 3. Nd2 c5 4. Ngf3 cxd4 5. Nxd4 Nf6 6. exd5 Nxd5 7. Ne4 Be7 8. Bd3 Nb4 9. Bb5+ N8c6 10. c3 O-O 11. Nxc6 bxc6 12. Bc4 Qxd1+ 13. Kxd1 Rd8+ 14. Bd2 Nd5 15. Kc2 e5 16. Ng3 Be6 17. Rhe1 Nb4+ 18. cxb4 Bxc4 19. Rxe5 Bd3+ 20. Kc1 Bf6 21. Re3 Rd5 22. Bc3 Bg5 23. Kd2 Rad8 24. a3 Bxe3+ 25. fxe3 Bf1+ 26. Kc2 Bxg2 27. Rg1 Bf3 28. e4 Rd1 29. Rxd1 Bxd1+ 30. Kc1 Bb3 31. Bd2 Rd4 0-1

[Event "January 2 Early 2024"]
[Site "https://www.chess.com"]
[Date "2024.01.02"]
[Round "2"]
[White "ilqar_74"]
[Black "Prithu Gupta"]
[Result "1-0"]
[Board "85"]
[TimeControl "180+1"]
[BlackFideId "46618546"]
[WhiteElo "2794"]
[BlackElo "2545"]
[BlackTeam "IND"]
[WhiteClock "0:00:47"]
[BlackClock "0:00:11"]

1. e4 e5 2. Nf3 Nc6 3. Bb5 Nge7 4. O-O d6 5. c3 Bd7 6. d4 g6 7. dxe5 dxe5 8. Qe2 Bg7 9. Rd1 O-O 10. Na3 Qc8 11. Be3 a6 12. Ba4 b5 13. Bb3 h6 14. Bc5 Be6 15. Bd5 Re8 16. Nc2 Nxd5 17. exd5 Bg4 18. h3 e4 19. hxg4 exf3 20. Qxf3 Ne5 21. Qg3 Nxg4 22. Bd4 h5 23. Bxg7 Kxg7 24. f3 Nf6 25. Rd2 Qd7 26. Rad1 Re7 27. d6 cxd6 28. Rxd6 Qa7+ 29. Kh2 h4 30. Qg5 Nh7 31. Qxh4 Rh8 32. Qd4+ Nf6+ 33. Kg1 Qxd4+ 34. Nxd4 Nh5 35. Rxa6 Nf4 36. Rb6 Ne2+ 37. Kf2 Nxd4 38. Rxd4 Rhe8 39. Rd2 Re4 40. fxe4 1-0

[Event "January 2 Early 2024"]
[Site "https://www.chess.com"]
[Date "2024.01.02"]
[Round "2"]
[White "Leisch, Lukas"]
[Black "De Winter, Arthur"]
[Result "0-1"]
[Board "86"]
[TimeControl "180+1"]
[WhiteFideId "1632094"]
[BlackFideId "1069020"]
[WhiteElo "2539"]
[BlackElo "2792"]
[WhiteTeam "AUT"]
[BlackTeam "NED"]
[WhiteClock "0:00:06"]
[BlackClock "0:01:51"]

1. d4 Nf6 2. Nc3 d5 3. Bf4 h6 4. e3 g6 5. h3 c6 6. Nf3 Bg7 7. Ne5 O-O 8. Bd3 Nbd7 9. g4 Nxe5 10. dxe5 Nd7 11. e6 fxe6 12. Bxg6 e5 13. Bg3 e4 14. Qd2 e6 15. h4 Qf6 16. h5 b5 17. Bh4 Qf3 18. Rg1 Ne5 19. Qe2 Qh3 20. O-O-O Qxh4 21. g5 Qxf2 22. Qxf2 Rxf2 23. gxh6 Bxh6 24. Nxe4 dxe4 25. Rd8+ Rf8 26. Bxe4+ Kf7 27. Rf1+ Ke7 28. Rdxf8 Bxf8 0-1

[Event "January 2 Early 2024"]
[Site "https://www.chess.com"]
[Date "2024.01.02"]
[Round "2"]
[White "Haug, Havard"]
[Black "RaugintaBulba"]
[Result "1-0"]
[Board "87"]
[TimeControl "180+1"]
[WhiteFideId "1547887"]
[WhiteElo "2785"]
[BlackElo "2539"]
[WhiteTeam "NOR"]
[WhiteClock "0:00:05"]
[BlackClock "0:00:00"]

1. e4 c5 2. c3 Nc6 3. d4 cxd4 4. cxd4 d5 5. exd5 Qxd5 6. Nf3 e6 7. Nc3 Qd8 8. Bc4 Nf6 9. O-O Be7 10. Be3 O-O 11. a3 a6 12. d5 exd5 13. Nxd5 Nxd5 14. Bxd5 Bg4 15. Bxc6 bxc6 16. Qxd8 Rfxd8 17. Ne5 Be2 18. Rfc1 Bf6 19. Nxc6 Bxb2 20. Nxd8 Bxc1 21. Nc6 Bxe3 22. fxe3 Bb5 23. Rc1 Kf8 24. Nd4 Ra7 25. Rc8+ Ke7 26. Rb8 Bd7 27. Rb6 a5 28. Kf2 Rc7 29. Ra6 a4 30. Nf3 Rc2+ 31. Kg3 Rc3 32. Ra7 f6 33. e4 Rxa3 34. h3 Ra2 35. e5 a3 36. exf6+ gxf6 37. Nd4 Kd6 38. Ra5 Rd2 39. Nf3 Rd3 40. Kf2 Rb3 41. Nd2 Rb2 42. Ke3 a2 43. Nc4+ Kc6 44. Nxb2 a1=Q 45. Rxa1 1-0

[Event "January 2 Early 2024"]
[Site "https://www.chess.com"]
[Date "2024.01.02"]
[Round "2"]
[White "Baches Garcia, Guillermo"]
[Black "Bindrich, Falko"]
[Result "1/2-1/2"]
[Board "88"]
[TimeControl "180+1"]
[WhiteFideId "2209764"]
[BlackFideId "4676670"]
[WhiteElo "2538"]
[BlackElo "2784"]
[WhiteTeam "ESP"]
[BlackTeam "GER"]
[WhiteClock "0:00:18"]
[BlackClock "0:00:30"]

1. d4 d5 2. Nf3 e6 3. Bg5 Nf6 4. Nbd2 Be7 5. e3 Nbd7 6. Bd3 h6 7. Bh4 c5 8. c3 b6 9. Ne5 Bb7 10. f4 a6 11. Qf3 b5 12. O-O Qc7 13. Rad1 c4 14. Bb1 b4 15. h3 a5 16. Bg3 Bd6 17. Bh4 a4 18. cxb4 Bxb4 19. a3 Bd6 20. e4 dxe4 21. Nxe4 Nxe4 22. Bxe4 Bxe4 23. Qxe4 O-O 24. Nxd7 Qxd7 25. d5 Rac8 26. dxe6 Qxe6 27. Qxe6 Bc5+ 28. Bf2 fxe6 29. Bxc5 Rxc5 30. Rd6 Rb8 31. Rf2 Kf7 32. Ra6 c3 33. bxc3 Rc4 34. Ra7+ Kf6 1/2-1/2

[Event "January 2 Early 2024"]
[Site "https://www.chess.com"]
[Date "2024.01.02"]
[Round "2"]
[White "Kilpatrick, Callum"]
[Black "Khripachenko, Alexander"]
[Result "0-1"]
[Board "89"]
[TimeControl "180+1"]
[WhiteFideId "414425"]
[BlackFideId "54184975"]
[WhiteElo "2536"]
[BlackElo "2783"]
[WhiteTeam "ENG"]
[BlackTeam "FID"]
[WhiteClock "0:00:00"]
[BlackClock "0:00:22"]

1. e4 c5 2. Nf3 e6 3. d4 cxd4 4. Nxd4 Nc6 5. Nc3 Qc7 6. Be2 a6 7. Qd3 Nf6 8. Nxc6 dxc6 9. Qg3 e5 10. O-O Be6 11. f4 exf4 12. Bxf4 Qb6+ 13. Kh1 O-O-O 14. a4 a5 15. Be3 Qxb2 16. Ba7 Bd6 17. e5 Bc7 18. Rab1 Qxc2 19. Nb5 Ne4 20. Qe3 Bxe5 21. Bb6 Rd2 22. Rbc1 Rxe2 23. Rxc2 Rxe3 24. Bxe3 Bb3 25. Rcc1 Rd8 26. Bb6 Rd3 27. Na3 Bd5 28. Rfe1 Bb2 0-1

[Event "January 2 Early 2024"]
[Site "https://www.chess.com"]
[Date "2024.01.02"]
[Round "2"]
[White "Tifferet, Shakked"]
[Black "Suyarov, Mukhammadzokhid"]
[Result "0-1"]
[Board "91"]
[TimeControl "180+1"]
[WhiteFideId "2811529"]
[BlackFideId "14210495"]
[WhiteElo "2534"]
[BlackElo "2777"]
[WhiteTeam "ISR"]
[BlackTeam "UZB"]
[WhiteClock "0:00:01"]
[BlackClock "0:00:28"]

1. e4 e5 2. Nf3 Nf6 3. Nc3 Nc6 4. Be2 d5 5. exd5 Nxd5 6. O-O Nxc3 7. bxc3 Bd6 8. d4 exd4 9. cxd4 O-O 10. Rb1 b6 11. h3 Ne7 12. c4 Ng6 13. Qc2 c6 14. Bd3 h6 15. Bxg6 fxg6 16. Rb3 Bf5 17. Qc3 Qf6 18. Bb2 Rae8 19. Re1 Rxe1+ 20. Qxe1 Qf7 21. c5 Bc7 22. cxb6 Bxb6 23. Qc3 Qd5 24. Ne5 Be4 25. Qg3 Kh7 26. Kh2 Bf5 27. Nf3 g5 28. Qe5 Qd7 29. g3 Bxh3 30. d5 cxd5 31. Rd3 Be6 32. Bd4 Bc7 33. Qe2 Bf5 34. Re3 Be4 35. Ne5 Bxe5 36. Bxe5 Qf7 37. f4 gxf4 38. gxf4 Rc8 39. Rg3 g6 40. Kh3 Rc1 41. f5 Rh1+ 42. Kg4 Qxf5# 0-1